 Dungeon Sprint DCSS version 0.29.1-2-gbd0b4ee654 (webtiles) character file.

Game seed: 14444178658873312132

5700000 Ashen the Plane Walker (level 25, -46/234 HPs)
             Began as a Demonspawn Warper on Oct 25, 2022.
             Was the Champion of Makhleb.
             Annihilated by a large bag of meat
             ... wielding a +9 giant spiked club
              (120 damage)
             ... in the Dungeon (Sprint VIII: "Arena of Blood").
             The game lasted 00:05:30 (57 turns).

Ashen the Plane Walker (Demonspawn Warper)            Turns: 57, Time: 00:05:30

Health: -46/234    AC: 18    Str: 15    XL:     25   Next: 13%
Magic:  15/54      EV: 32    Int: 16    God:    Makhleb [******]
Gold:   0          SH:  0    Dex: 20    Spells: 78/78 levels left

rFire   . . .      SeeInvis .   j - +∞ Axe of Woe
rCold   . . .      Faith    .   (shield currently unavailable)
rNeg    . . .      Spirit   .   b - +0 leather armour
rPois   .          Reflect  .   (no helmet)
rElec   .          Harm     .   (no cloak)
rCorr   .          Rampage  .   (no gloves)
Will    +....      NoTele   +   (boots unavailable)
Stlth   +++++++...              (no amulet)
HPRegen 0.49/turn               (no ring)
MPRegen 0.34/turn               (no ring)

@: sanguine armoured
A: hooves 3, demonic guardian 3, foul stench 3, sanguine armour 3, corrupting
presence 1
a: Renounce Religion, Minor Destruction, Lesser Servant of Makhleb, Major
Destruction, Greater Servant of Makhleb


You were in the Dungeon.
You worshipped Makhleb.
Makhleb was exalted by your worship.
You visited 1 branch

Inventory:

Hand Weapons
 a - a +0 hand axe
 j - the +∞ Axe of Woe (weapon)
   (You found it in the Dungeon)
Missiles
 d - 5 boomerangs of dispersal (quivered)
Armour
 b - a +0 leather armour (worn)
Scrolls
 c - 2 scrolls of blinking
Potions
 e - a potion of curing
 f - a potion of heal wounds
 g - a potion of haste
 h - 2 potions of magic
 i - a potion of berserk rage


   Skills:
 O Level 27 Fighting
 + Level 17.5(20.1) Short Blades
 + Level 16.6(19.7) Long Blades
 O Level 27 Axes
 + Level 16.6(25.4) Maces & Flails
 + Level 16.6(25.4) Polearms
 + Level 16.6(21.7) Staves
 + Level 16.6 Ranged Weapons
 O Level 27 Throwing
 O Level 27 Armour
 O Level 27 Dodging
 + Level 18.9 Stealth
 + Level 17.5 Shields
 + Level 17.5 Unarmed Combat
 O Level 27 Spellcasting
 + Level 18.9 Conjurations
 + Level 18.9 Hexes
 + Level 18.9 Summonings
 + Level 20.4 Necromancy
 O Level 27 Translocations
 + Level 17.5 Transmutations
 + Level 17.5 Fire Magic
 + Level 17.5 Ice Magic
 + Level 17.5 Air Magic
 + Level 17.5 Earth Magic
 + Level 18.9 Poison Magic
 O Level 27 Invocations
 + Level 18.9 Evocations


You had 78 spell levels left.
You didn't know any spells.
Your spell library contained the following spells:

 Spells                   Type           Power      Damage    Failure   Level
 Blink                    Tloc           100%       N/A       0%          2
 Gell's Gravitas          Tloc           82%        N/A       0%          3
 Lesser Beckoning         Tloc           82%        N/A       0%          3
 Teleport Other           Tloc           82%        N/A       0%          3
 Manifold Assault         Tloc           82%        N/A       0%          5


Dungeon Overview and Level Annotations

Branches:
Dungeon (1/1)

Altars:
Makhleb


Innate Abilities, Weirdness & Mutations

You have hooves in place of feet.
A powerful demonic guardian rushes to your aid.
You frequently emit foul miasma when damaged in melee.
When seriously injured, your blood forms very thick armour. (AC +12)
Your presence sometimes corrodes those you injure.


Message History

Your base Long Blades skill increases to level 16!
Your base Maces & Flails skill increases to level 16!
Your base Polearms skill increases to level 16!
Your base Staves skill increases to level 16!
Your Ranged Weapons skill increases to level 16!
Your Shields skill increases to level 17!
Your Unarmed Combat skill increases to level 17!
Your Necromancy skill increases to level 20!
Your Transmutations skill increases to level 17!
Your Fire Magic skill increases to level 17!
Your Ice Magic skill increases to level 17!
Your Air Magic skill increases to level 17!
Your Earth Magic skill increases to level 17!
You have reached level 25!
Your demonic ancestry asserts itself...
Your guardian grows in power.
Unknown command.
Unknown command.
You aren't carrying any items that you can evoke.
You don't know any spells.
Unknown command.
Okay, then.
Press: ? - help, v - describe, . - travel
Here: an accursed The floor.
The dread appears out of thin air!
A dread comes into view.
You hear a shout! x2
The meat berserker hits your blizzard demon with a +9 battleaxe!!!
Your blizzard demon dies!
Your blizzard demon disappears in a puff of smoke!
You hear a shout!
The meat berserker is engulfed in blazing flames.
The meat berserker hits you with a +9 battleaxe!!!
The large bag of meat is engulfed in blazing flames.
The large bag of meat hits you with a +9 giant spiked club!!!!
Your blood congeals into armour.
The large bag of meat hits you with a +9 giant spiked club!!!!
Ouch! That really hurt!
You die... ................ ........#.#...... ...z......M.....# ....o.M.......M.. ....oo........... ......OLo.Voo..O .W...oOO§).o.o.. #ooo@§oO#

#.oOO)o)# ...
.###ooz..).###....
...zo.###)))z.....
..o..V._.)))O.....
....o#...).#.o.....
....o#_.<)_#.......
.....#.))..#......#
.....V)._..........


You could see 3 accurseds, a tyrant, 2 destroyers, 4 sculptors of flesh, 4 large
bags of meat, a dread (wandering), 3 meat berserkers and 22 bags of meat.

Vanquished Creatures
  A royal mummy (D)
  9 vampire knights (D)
  22 ogres (D)
  A two-headed ogre (D)
  A lich (D)
  43 orcs (D)
  A skeletal warrior (D)
78 creatures vanquished.

Notes
Turn   | Place    | Note
-------+----------+-------------------------------------------
     0 | D        | Found the +∞ Axe of Woe
     0 | D        | Ashen the Demonspawn Warper began the quest for the Orb.
     0 | D        | Reached XP level 1. HP: 16/16 MP: 3/3
     1 | D        | Noticed a bag of meat
     1 | D        | Noticed a bag of meat
     1 | D        | Noticed a bag of meat
     2 | D        | Noticed a meat berserker
     3 | D        | Became a worshipper of Makhleb the Destroyer
     3 | D        | Noticed a bag of meat
     6 | D        | Killed a meat berserker
     6 | D        | Killed a bag of meat
     6 | D        | Reached * piety under Makhleb
     6 | D        | Noticed a bag of meat
     6 | D        | Noticed a bag of meat
     7 | D        | Reached skill level 10 in Dodging
     7 | D        | Gained mutation: You have large cloven feet. [demonic
                  | ancestry]
     7 | D        | Reached XP level 2. HP: 37/37 MP: 3/15
     7 | D        | Reached XP level 3. HP: 43/43 MP: 3/17
     7 | D        | Gained mutation: You may rarely emit foul miasma when
                  | damaged in melee. [demonic ancestry]
     7 | D        | Reached XP level 4. HP: 50/50 MP: 3/18
     7 | D        | Gained mutation: When seriously injured, your blood forms
                  | armour. (AC +12) [demonic ancestry]
     7 | D        | Reached XP level 5. HP: 56/56 MP: 3/20
     7 | D        | Gained mutation: When seriously injured, your blood forms
                  | thick armour. (AC +12) [demonic ancestry]
     7 | D        | Reached XP level 6. HP: 62/62 MP: 3/21
     7 | D        | Reached XP level 7. HP: 68/68 MP: 3/23
     7 | D        | Reached XP level 8. HP: 75/75 MP: 3/24
     7 | D        | Reached XP level 9. HP: 81/81 MP: 3/25
     7 | D        | Reached XP level 10. HP: 88/88 MP: 3/26
     7 | D        | Gained mutation: A weak demonic guardian rushes to your
                  | aid. [demonic ancestry]
     7 | D        | Reached XP level 11. HP: 93/93 MP: 3/27
     7 | D        | Reached XP level 12. HP: 100/100 MP: 3/28
     7 | D        | Killed a bag of meat
     8 | D        | Reached XP level 13. HP: 108/108 MP: 3/30
     8 | D        | Noticed a bag of meat
     9 | D        | Noticed a meat berserker
    11 | D        | Killed a meat berserker
    12 | D        | Killed a bag of meat
    12 | D        | Reached ** piety under Makhleb
    12 | D        | Noticed a bag of meat
    12 | D        | Noticed a bag of meat
    13 | D        | Reached skill level 15 in Axes
    13 | D        | Reached skill level 15 in Spellcasting
    13 | D        | Gained mutation: You have hoof-like feet. [demonic
                  | ancestry]
    13 | D        | Reached XP level 14. HP: 120/120 MP: 4/33
    14 | D        | Killed a bag of meat
    15 | D        | Killed a bag of meat
    15 | D        | Killed a bag of meat
    15 | D        | Reached *** piety under Makhleb
    16 | D        | Reached skill level 15 in Fighting
    16 | D        | Killed a bag of meat
    16 | D        | Noticed a meat berserker
    17 | D        | Reached XP level 15. HP: 131/131 MP: 5/35
    17 | D        | Noticed a meat berserker
    17 | D        | Noticed a meat berserker
    17 | D        | Noticed a meat berserker
    18 | D        | Noticed a meat berserker
    19 | D        | Noticed a meat berserker
    19 | D        | Killed a meat berserker
    21 | D        | Reached skill level 27 in Translocations
    21 | D        | Killed a meat berserker
    21 | D        | Reached **** piety under Makhleb
    21 | D        | Killed a meat berserker
    22 | D        | Gained mutation: You sometimes emit foul miasma when
                  | damaged in melee. [demonic ancestry]
    22 | D        | Reached XP level 16. HP: 147/147 MP: 6/39
    22 | D        | Killed a meat berserker
    22 | D        | Noticed a destroyer
    23 | D        | Reached skill level 5 in Throwing
    23 | D        | Killed a meat berserker
    23 | D        | Reached ***** piety under Makhleb
    24 | D        | Reached XP level 17. HP: 159/159 MP: 7/42
    24 | D        | Noticed a destroyer
    25 | D        | Reached skill level 27 in Axes
    25 | D        | Killed a meat berserker
    27 | D        | Noticed a meat berserker
    27 | D        | Noticed a meat berserker
    28 | D        | Noticed a meat berserker
    29 | D        | Reached skill level 10 in Armour
    29 | D        | Gained mutation: When seriously injured, your blood forms
                  | very thick armour. (AC +12) [demonic ancestry]
    29 | D        | Reached XP level 18. HP: 180/180 MP: 8/46
    30 | D        | Reached ****** piety under Makhleb
    30 | D        | Noticed a meat berserker
    31 | D        | Reached skill level 27 in Fighting
    31 | D        | Noticed a sculptor of flesh
    31 | D        | Killed a destroyer
    31 | D        | Noticed a meat berserker
    32 | D        | Reached skill level 27 in Spellcasting
    33 | D        | Killed a meat berserker
    33 | D        | Noticed a destroyer
    34 | D        | Reached skill level 27 in Dodging
    34 | D        | Reached XP level 19. HP: 189/189 MP: 9/50
    34 | D        | Killed a destroyer
    34 | D        | Killed a meat berserker
    35 | D        | Killed a meat berserker
    35 | D        | Noticed a destroyer
    36 | D        | Killed a meat berserker
    38 | D        | Reached skill level 27 in Armour
    38 | D        | Gained mutation: You have hooves in place of feet. [demonic
                  | ancestry]
    38 | D        | Reached XP level 20. HP: 197/197 MP: 10/51
    39 | D        | Killed a destroyer
    40 | D        | Reached skill level 27 in Throwing
    40 | D        | Noticed a destroyer
    40 | D        | Noticed a meat berserker
    40 | D        | Noticed a meat berserker
    41 | D        | Reached skill level 5 in Invocations
    41 | D        | Killed a meat berserker
    42 | D        | Reached skill level 5 in Short Blades
    42 | D        | Reached skill level 5 in Long Blades
    42 | D        | Reached skill level 5 in Maces & Flails
    42 | D        | Reached skill level 5 in Polearms
    42 | D        | Reached skill level 5 in Staves
    42 | D        | Reached skill level 5 in Ranged Weapons
    42 | D        | Reached skill level 5 in Shields
    42 | D        | Reached skill level 5 in Unarmed Combat
    42 | D        | Reached skill level 5 in Transmutations
    42 | D        | Reached skill level 5 in Fire Magic
    42 | D        | Reached skill level 5 in Ice Magic
    42 | D        | Reached skill level 5 in Air Magic
    42 | D        | Reached skill level 5 in Earth Magic
    42 | D        | Noticed a destroyer
    42 | D        | Killed a destroyer
    43 | D        | Reached XP level 21. HP: 204/204 MP: 11/52
    43 | D        | Noticed a tyrant
    43 | D        | Noticed a destroyer
    44 | D        | Killed a destroyer
    45 | D        | Reached skill level 10 in Stealth
    45 | D        | Reached skill level 10 in Conjurations
    45 | D        | Reached skill level 10 in Hexes
    45 | D        | Reached skill level 10 in Summonings
    45 | D        | Reached skill level 10 in Poison Magic
    45 | D        | Reached skill level 10 in Evocations
    45 | D        | Noticed a large bag of meat
    47 | D        | Reached skill level 10 in Short Blades
    47 | D        | Reached skill level 10 in Shields
    47 | D        | Reached skill level 10 in Unarmed Combat
    47 | D        | Reached skill level 10 in Transmutations
    47 | D        | Reached skill level 10 in Fire Magic
    47 | D        | Reached skill level 10 in Ice Magic
    47 | D        | Reached skill level 10 in Air Magic
    47 | D        | Reached skill level 10 in Earth Magic
    47 | D        | Gained mutation: You frequently emit foul miasma when
                  | damaged in melee. [demonic ancestry]
    47 | D        | Reached XP level 22. HP: 212/212 MP: 12/53
    47 | D        | Noticed an accursed
    47 | D        | Noticed a destroyer
    47 | D        | Noticed a large bag of meat
    48 | D        | Killed a destroyer
    48 | D        | Noticed a large bag of meat
    49 | D        | Reached skill level 10 in Long Blades
    49 | D        | Reached skill level 10 in Maces & Flails
    49 | D        | Reached skill level 10 in Polearms
    49 | D        | Reached skill level 10 in Staves
    49 | D        | Reached skill level 10 in Ranged Weapons
    49 | D        | Reached skill level 15 in Invocations
    49 | D        | Noticed a destroyer
    49 | D        | Noticed a large bag of meat
    49 | D        | Killed a tyrant
    50 | D        | Noticed an accursed
    50 | D        | Noticed an accursed
    51 | D        | Killed a large bag of meat
    51 | D        | Killed a destroyer
    52 | D        | Reached skill level 27 in Invocations
    52 | D        | Gained mutation: A demonic guardian rushes to your aid.
                  | [demonic ancestry]
    52 | D        | Reached XP level 23. HP: 159/219 MP: 13/54
    52 | D        | Killed an accursed
    52 | D        | Noticed a large bag of meat
    53 | D        | Reached skill level 15 in Short Blades
    53 | D        | Reached skill level 15 in Shields
    53 | D        | Reached skill level 15 in Unarmed Combat
    53 | D        | Reached skill level 15 in Transmutations
    53 | D        | Reached skill level 15 in Fire Magic
    53 | D        | Reached skill level 15 in Ice Magic
    53 | D        | Reached skill level 15 in Air Magic
    53 | D        | Reached skill level 15 in Earth Magic
    53 | D        | Gained mutation: Your presence sometimes corrodes those you
                  | injure. [demonic ancestry]
    53 | D        | Reached XP level 24. HP: 192/227 MP: 13/54
    54 | D        | Noticed a destroyer
    55 | D        | Reached skill level 15 in Long Blades
    55 | D        | Reached skill level 15 in Maces & Flails
    55 | D        | Reached skill level 15 in Polearms
    55 | D        | Reached skill level 15 in Staves
    55 | D        | Reached skill level 15 in Ranged Weapons
    55 | D        | Noticed an accursed
    55 | D        | Killed a destroyer
    55 | D        | Noticed a tyrant
    56 | D        | Killed a destroyer
    56 | D        | Noticed a large bag of meat
    56 | D        | Noticed a destroyer
    57 | D        | Gained mutation: A powerful demonic guardian rushes to your
                  | aid. [demonic ancestry]
    57 | D        | Reached XP level 25. HP: 214/234 MP: 15/54
    57 | D        | Annihilated by a large bag of meat

Illustrated notes

Levels and vault maps discovered:
D:        meatsprint

Skill      XL: |  1  2  3  4  5  6  7  8  9 10 11 12 13 14 15 16 17 18 19 20 21 22 23 24 |
---------------+-------------------------------------------------------------------------+-----
Fighting       | 11 12 14 16 19 21 26 27 | 27.0
Axes           | 12 13 15 18 23 26 27 | 27.0
Throwing       | 3 4 5 7 12 23 27 | 27.0
Armour         | 3 4 6 7 10 16 27 | 27.0
Dodging        | 10 11 12 13 16 17 20 27 | 27.0
Spellcasting   | 12 13 15 16 19 21 24 27 | 27.0
Translocations | 19 21 23 25 27 | 27.0
Short Blades   | 8 10 12 15 17 | 17.5
Long Blades    | 7 9 11 14 16 | 16.6
Maces & Flails | 7 9 11 14 16 | 16.6
Polearms       | 7 9 11 14 16 | 16.6
Staves         | 7 9 11 14 16 | 16.6
Ranged Weapons | 7 9 11 14 16 | 16.6
Stealth        | 9 11 13 16 18 | 18.9
Shields        | 8 10 12 15 17 | 17.5
Unarmed Combat | 8 10 12 15 17 | 17.5
Conjurations   | 9 11 13 16 18 | 18.9
Hexes          | 9 11 13 16 18 | 18.9
Summonings     | 9 11 13 16 18 | 18.9
Necromancy     | 9 12 14 17 20 | 20.4
Transmutations | 8 10 12 15 17 | 17.5
Fire Magic     | 8 10 12 15 17 | 17.5
Ice Magic      | 8 10 12 15 17 | 17.5
Air Magic      | 8 10 12 15 17 | 17.5
Earth Magic    | 8 10 12 15 17 | 17.5
Poison Magic   | 9 11 13 16 18 | 18.9
Invocations    | 11 14 27 | 27.0
Evocations     | 9 11 13 16 18 | 18.9

Action                   |  1- 3 |  4- 6 |  7- 9 | 10-12 | 13-15 | 16-18 | 19-21 | 22-24 | 25-27 || total
-------------------------+-------+-------+-------+-------+-------+-------+-------+-------+-------++-------
Melee: Executioner's axe |     1 |       |       |     1 |     8 |     9 |    11 |     7 |       ||    37
Throw: Boomerang         |       |       |       |       |       |     1 |     1 |       |       ||     2
Invok: Greater Servant o |       |       |       |       |       |       |       |     2 |       ||     2
Dodge: Dodged            |       |       |       |       |       |       |       |     1 |       ||     1
